 Dungeon Crawl Stone Soup version 0.29-a0-506-ga2e7fffb44 (webtiles) character file.

Game seed: 2311375037590206913

78 dolemite99 the Chopper (level 4, -5/35 HPs)
             Began as a Demonspawn Abyssal Knight on May 28, 2022.
             Was a Believer of Lugonu.
             Slain by an iguana (10 damage)
             ... on level 4 of the Dungeon.
             The game lasted 00:03:30 (6104 turns).

dolemite99 the Chopper (Demonspawn Abyssal Knight)  Turns: 6104, Time: 00:03:31

Health: -5/35      AC: 14    Str: 16    XL:     4   Next: 15%
Magic:  5/5        EV:  6    Int: 11    God:    Lugonu [**....]
Gold:   144        SH:  0    Dex: 13    Spells: 3/3 levels left

rFire   . . .      SeeInvis .   c - +0 war axe (vorpal)
rCold   . . .      Faith    .   (no shield)
rNeg    + . .      Spirit   .   s - +0 chain mail
rPois   .          Reflect  .   y - +0 hat
rElec   .          Harm     .   (no cloak)
rCorr   .          Rampage  .   (no gloves)
Will    .....                   (no boots)
Stlth   ..........              q - amulet of magic regeneration
HPRegen 0.11/turn               g - ring of positive energy
MPRegen 0.49/turn               (no ring)

@: about to teleport, sanguine armoured
A: powered by pain 1, sanguine armour 1, weakness stinger 1
a: Renounce Religion, Depart the Abyss, Bend Space


You were on level 4 of the Dungeon.
You worshipped Lugonu.
Lugonu was pleased with you.
You visited 1 branch of the dungeon, and saw 4 of its levels.
You visited the Abyss 1 time.

You collected 144 gold pieces.

Inventory:

Hand Weapons
 a - a +1 spear
 c - a +0 vorpal war axe (weapon)
 m - a +0 dagger of freezing
Missiles
 h - 7 poisoned darts
 n - 33 stones
 t - 3 javelins
Armour
 b - a +0 leather armour
 p - a +0 ring mail
 s - a +0 chain mail (worn)
 y - a +0 hat (worn)
Jewellery
 g - a ring of positive energy (left hand)
 q - an amulet of magic regeneration (around neck)
 z - a ring of protection from fire
Wands
 u - a wand of paralysis (9)
Scrolls
 f - a scroll of vulnerability
 x - a scroll of blinking {unknown}
Potions
 d - 2 potions of brilliance
 e - a potion of resistance {unknown}
 i - a potion of curing {unknown}
 l - a potion of cancellation {unknown}
 o - a potion of haste {unknown}
 r - 2 potions of mutation {unknown}
 w - a potion of ambrosia {unknown}


   Skills:
 - Level 3.0 Fighting
 + Level 3.2(3.6) Axes
 - Level 2.1(3.0) Polearms
 - Level 1.7 Armour
 - Level 0.8 Dodging
 - Level 2.4 Invocations


You had 3 spell levels left.
You didn't know any spells.
Your spell library contained the following spells:

 Spells                   Type           Power      Damage    Failure   Level
 Ozocubu's Armour         Ice            0%         N/A       100%        3
 Metabolic Englaciation   Hex/Ice        0%         N/A       100%        5
 Simulacrum               Ice/Necr       0%         N/A       100%        6


Dungeon Overview and Level Annotations

Branches:
Dungeon (4/15)
 Temple: D:4-7

Altars:

Shops:
D:4 *

Annotations:
D:3 1 runed translucent door, Pikel; turdburglar's ghost, amateur DsGl


Innate Abilities, Weirdness & Mutations

You sometimes gain a little power by taking damage.
When seriously injured, your blood forms armour. (AC +6)
You have a small tail.


Message History

Your giant cockroach completely misses the iguana.
The howler monkey completely misses you.
The iguana bites your giant cockroach.
Your kobold hits the iguana with a +0 short sword.
The phantom hits your giant cockroach.
Your giant cockroach dies!
Your giant cockroach's corpse dissolves into shadows!
The iguana bites you.
Your kobold barely misses the iguana.
You barely miss the howler monkey.
The howler monkey is severely wounded.
You closely miss the iguana. The howler monkey barely misses you.
The iguana barely misses you.
Your kobold closely misses the iguana.
The howler monkey hoots and howls with incredible vigour!
You hear a shout!
You hear a bark!
You hear a shout!
You barely miss the howler monkey.
The howler monkey is severely wounded.
You hit the iguana.
The howler monkey hits you but does no damage.
The iguana bites you but does no damage.
Your kobold completely misses the iguana.
You completely miss the howler monkey.
Your tail-slap misses the howler monkey.
The howler monkey is severely wounded.
You barely miss the iguana.
The howler monkey hits you but does no damage.
The iguana barely misses you.
Your kobold barely misses the iguana.
The howler monkey hits you but does no damage.
The iguana bites you!
* * * LOW HITPOINT WARNING * * *
As you read the scroll of teleportation, it crumbles to dust.
You feel strangely unstable.
Your kobold hits the iguana but does no damage.
The iguana bites you but does no damage.
The howler monkey hits you.
* * * LOW HITPOINT WARNING * * *
The howler monkey attacks as you move away!
The howler monkey hits you but does no damage.
The iguana attacks as you move away! The iguana bites you!
You die...

... #..# #..##
...###..###....### .
...............
.....###...........#
..................# ..
..... #.K......## .# .
....>$ ##.l.......# #
........##lW####....###
#
#.......@h.##........#
.
#..##.##.............#
..
#...$.#.......###......
.. ... ##. #........##
...#.! .. ....#..#
#........# .#.# . ..
...#..###..##.......
.... ...
........#.###....... .
.. ....
#............####..
...###.............. ..


You could see a phantom, a howler monkey, 2 iguanas and a friendly kobold
(summoned).

Vanquished Creatures
  A lemure (D:3)
  2 adders (D:2)
  A worm (D:2)
  A dart slug (D:4)
  9 orcs (D:3)
  3 ball pythons
  3 endoplasms
  2 giant cockroaches (D:2)
  3 goblins
  3 hobgoblins
  3 jackals (D:2)
  5 kobolds
  2 quokkas
  4 bats
  2 frilled lizards (D:1)
44 creatures vanquished.

Notes
Turn   | Place    | Note
-------+----------+-------------------------------------------
     0 | Abyss:1  | dolemite99 the Demonspawn Abyssal Knight began the quest
                  | for the Orb.
     0 | Abyss:1  | Reached XP level 1. HP: 18/18 MP: 2/2
     0 | D:1      | Escaped the Abyss
   364 | D:1      | Reached ** piety under Lugonu
   542 | D:1      | Found a faded altar of an unknown god.
  1142 | D:2      | Reached skill level 1 in Axes
  1142 | D:2      | Gained mutation: You have a small tail. [demonic ancestry]
  1142 | D:2      | Reached XP level 2. HP: 5/24 MP: 3/3
  2242 | D:2      | Gained mutation: When seriously injured, your blood forms
                  | armour. (AC +6) [demonic ancestry]
  2242 | D:2      | Reached XP level 3. HP: 29/29 MP: 4/4
  3870 | D:3      | Gained mutation: You sometimes gain a little power by
                  | taking damage. [demonic ancestry]
  3870 | D:3      | Reached XP level 4. HP: 30/35 MP: 5/5
  4012 | D:3      | Found a runed translucent door.
  4017 | D:3      | Noticed a bullfrog
  4018 | D:3      | Noticed turdburglar's ghost (amateur DsGl)
  4712 | D:4      | Noticed a lemure
  4749 | D:3      | Killed a lemure
  5178 | D:4      | Found Rubag's General Store.
  5189 | D:4      | Noticed Pikel
  5189 | D:4      | Noticed a lemure
  5641 | D:4      | Noticed a lemure
  5642 | D:4      | Noticed a lemure
  6086 | D:4      | Noticed a phantom
  6104 | D:4      | Slain by an iguana

Illustrated notes

Levels and vault maps discovered:
D:1:      elethiomel_arrival_infinity_welcomes_careful_drivers, layout_basic,
          shapermc_ecumenical_altar_mp_urbaneastern, hex_tiny, item_on_display_a
D:2:      layout_loops_ring
D:3:      layout_basic, ebering_ghost_sewer_d
D:4:      layout_cave_pools, serial_shops, shop, kennysheep_little_box,
          enter_ossuary_1, minmay_crystal_room, small_statue_intersection,
          cheibrodos_gnoll_hut, uniq_pikel

Skill      XL: |  1  2  3 |
---------------+----------+-----
Polearms       | 2 |  2.1
Axes           | 1 2 3 |  3.2
Fighting       | |  3.0
Armour         | |  1.7
Dodging        | |  0.8
Invocations    | |  2.4

Action                   |  1- 3 |  4- 6 || total
-------------------------+-------+-------++-------
Melee: War axe           |   120 |    39 ||   159
       Spear             |    14 |       ||    14
       Punch             |     1 |       ||     1
       Tailslap          |     4 |     4 ||     8
Invok: Depart the Abyss  |     1 |       ||     1
  Use: Scroll            |     4 |     5 ||     9
       Potion            |       |     1 ||     1
Armor: Leather armour    |    15 |       ||    15
       Ring mail         |    34 |       ||    34
       Chain mail        |     4 |    36 ||    40
Dodge: Dodged            |    84 |    30 ||   114

Table legend: (Time is in decaauts)
 A = Elapsed time spent in this place.
 B = Non-inter-level travel time spent in this place.
 C = Inter-level travel time spent in this place.
 D = Time resting spent in this place.
 E = Time spent auto-exploring this place.
 F = Levels seen in this place.
 G = Mean time per level.
                   A        B        C        D        E       F      G
               +--------+--------+--------+--------+--------+-----+--------+
         Total |   6162 |   5997 |    165 |   2671 |   2694 |   5 | 1232.4 |
       Dungeon |   6162 |   5997 |    165 |   2671 |   2694 |   4 | 1540.5 |
         Abyss |      0 |      0 |      0 |      0 |      0 |   1 |    0.0 |
               +--------+--------+--------+--------+--------+-----+--------+

Top non-repeatable levels by time:
     D:3: 2722 daAuts
     D:2: 2233 daAuts
     D:1: 1083 daAuts
     D:4: 122 daAuts
